 Adventure DCSS version bcrawl-1.27.3 (webtiles) character file.

Game seed: 6557229713492454415

324740 galech the Cleaver (level 14, -2/118 HPs)
             Began as a Demonspawn Fighter on Aug 5, 2020.
             Was a High Priest of Okawaru.
             Slain by a demonic crawler (4 damage)
             ... on level 3 of the Spider Nest.
             The game lasted 01:03:34 (25403 turns).

galech the Cleaver (Demonspawn Fighter)            Turns: 25403, Time: 01:03:35

Health: -2/118     AC:  9    Str: 25    XL:     14   Next: 2%
Magic:  0/17       EV: 14    Int:  7    God:    Okawaru [*****.]
Gold:   1754       SH: 13    Dex: 18    Spells: 13/13 levels left
                                        Lives:  0   Deaths: 2

rFire    + + +     SeeInvis +   f - +8 broad axe (venom)
rCold    x . .     Gourm    .   S - +0 medium shield {reflect}
rNeg     . . .     Faith    .   K - +8 salamander hide armour {+Fog rF++ rC-}
rPois    .         Spirit   +   (no helmet)
rElec    .         Reflect  +   (no cloak)
rCorr    .         Harm     .   Y - +2 pair of gloves
MR       +....                  (boots unavailable)
Stlth    ++........             O - amulet of guardian spirit
HPRegen  2.29/turn              r - ring of see invisible
MPRegen  0.15/turn              u - ring of Dishonour {rF+ Str+4 Int-3 Dex+4}

@: corroded, studying Axes
A: talons 3, icy blue scales 1, foul stench 2, powered by death 2, rot immunity
a: Heroism, Finesse, Renounce Religion, Evoke Fog


You were on level 3 of the Spider Nest.
You worshipped Okawaru.
Okawaru was extremely pleased with you.
You were not hungry.

You visited 5 branches of the dungeon, and saw 23 of its levels.
You also visited: Gauntlet.

You collected 2877 gold pieces.
You spent 1123 gold pieces at shops.

Inventory:

Hand Weapons
 f - a +8 broad axe of venom (weapon)
 o - a +1 broad axe of chopping
 E - the +8 hunting sling "Lekeshren" {speed, rElec rPois Int+4}
   (You found it on level 4 of the Dungeon)

   Attacks with this weapon are significantly faster.
   It affects your intelligence (+4).
   It insulates you from electricity.
   It protects you from poison.
 F - a +2 scimitar of flaming
 Z - the +5 hand axe of the Poles {speed, +Fly}
   (Okawaru gifted it to you on level 5 of the Lair of Beasts)

   Attacks with this weapon are significantly faster.
   It lets you fly.
Missiles
 b - 3969 sling bullets
 x - 3380 stones (quivered)
Armour
 v - a +2 leather armour of cold resistance
 J - +0 acid dragon scales
 K - the +8 salamander hide armour (worn) {+Fog rF++ rC-}
   (You found it in a Gauntlet)

   It greatly protects you from fire.
   It makes you vulnerable to cold.
 Q - a +1 robe of positive energy
 S - a +0 medium shield of reflection (worn)
 U - the +4 chain mail of Entitlement {Str+2}
   (Okawaru gifted it to you on level 10 of the Dungeon)

   It affects your strength (+2).
 Y - a +2 pair of gloves (worn)
Jewellery
 a - an uncursed amulet of regeneration
 c - an uncursed ring of fire
 j - an uncursed amulet of magic regeneration
 n - an uncursed amulet of faith
 r - a ring of see invisible (left hand)
 u - the ring of Dishonour (right hand) {rF+ Str+4 Int-3 Dex+4}
   (You found it in a Gauntlet)

   [ring of protection from fire]

   It affects your strength (+4).
   It affects your intelligence (-3).
   It affects your dexterity (+4).
   It protects you from fire.
 H - an uncursed ring of insulation
 L - the ring of Joihucew {Ice *Slow MR- Int+6 Stlth+}
   (You took it off a crimson imp on level 7 of the Dungeon)

   [ring of ice]

   It enhances your ice magic.
   It affects your intelligence (+6).
   It makes you vulnerable to fire.
   It protects you from cold.
   It affects your resistance to hostile enchantments.
   It may slow you when you take damage.
   It makes you more stealthy.
 O - an amulet of guardian spirit (around neck)
 P - an uncursed ring of poison resistance
 T - a +6 ring of dexterity
 X - an uncursed ring of positive energy
Wands
 D - a wand of digging (13)
Scrolls
 h - 2 scrolls of amnesia
 k - 10 scrolls of remove curse
 q - 2 scrolls of teleportation
 z - 3 scrolls of blinking
 C - 5 scrolls of fog
 I - 4 scrolls of enchant armour
 M - 3 scrolls of fear
 N - 2 scrolls of identify
Potions
 d - 2 potions of might
 l - 3 potions of haste
 m - 5 potions of curing
 s - 3 potions of cancellation
 t - 2 potions of agility
 w - 5 potions of mutation
 B - a potion of degeneration
 G - 3 potions of brilliance
 V - a potion of magic
Books
 R - a manual of Axes
Miscellaneous
 p - a phial of floods
 W - a phantom mirror
Comestibles
 e - 28 rations {!d}
 i - 6 chunks of flesh


   Skills:
 + Level 13.3 Fighting
 + Level 14.6 Axes
 + Level 13.0 Slings
 + Level 8.0 Armour
 + Level 7.0 Dodging
 + Level 2.4 Stealth
 + Level 10.3 Shields
 + Level 4.1 Invocations
 + Level 0.3 Evocations


You had 13 spell levels left.
You didn't know any spells.
Your spell library contained the following spells:

 Spells                   Type           Power        Failure   Level  Hunger
 Apportation              Tloc           #.....       96%         1    None
 Infusion                 Chrm           #.......     96%         1    None
 Sandblast                Erth           #.....       96%         1    None
 Slow                     Hex            #.......     96%         1    None
 Summon Butterflies       Summ           #.......     96%         1    None
 Sublimation of Blood     Necr           #.........   99%         2    ####...
 Ignite Poison            Fire/Tmut/Pois #.......     100%        3    #####..
 Petrify                  Tmut/Erth      #.........   100%        4    ######.
 Sticky Flame             Conj/Fire      #.......     100%        4    ######.
 Silence                  Hex/Air        #.........   100%        5    #######
 Summon Lightning Spire   Summ/Air       #.......     100%        5    #######
 Conjure Ball Lightning   Conj/Air       #.........   100%        6    #######
 Deflect Missiles         Chrm/Air       #.........   100%        6    #######
 Ozocubu's Refrigeration  Ice            #.........   100%        6    #######
 Tornado                  Air            #.........   100%        9    #######


Dungeon Overview and Level Annotations

Branches:
Dungeon (12/12)            Temple (1/1) D:7            Lair (6/6) D:8
  Swamp (0/3) Lair:3       Spider (3/3) Lair:3        Slime (0/5) Lair:5
    Orc (1/1) D:8             Elf (0/3) Orc          Vaults (0/3) D:11
 Depths (0/5) D:12

Altars:
Ashenzari
Cheibriados
Dithmenos
Fedhas
Gozag
Hepliaklqana
Kikubaaqudgha
Okawaru
Qazlal
Ru
Uskayaw
Xom
Zin
Beogh
Jiyva

Shops:
D:5 }!%   D:8 *   Orc !?:([(*}

Annotations:
Spider:3 exclusion: Roxanne, Roxanne


Innate Abilities, Weirdness & Mutations

You have claws for feet.
You are partially covered in icy blue scales. (AC +2)
You frequently emit foul miasma when damaged in melee.
You regenerate health from kills.
You are immune to rotting.


Message History

The entropy weaver is almost dead.
You closely miss the jumping spider zombie.
You hit the demonic crawler but do no damage.
You hit the redback. The demonic crawler closely misses you.
You block the demonic crawler's attack. The demonic crawler barely misses you.
The jumping spider zombie pounces on you!
* * * LOW HITPOINT WARNING * * *
The jumping spider zombie closely misses you.
You block the redback's attack.
The jumping spider leaps!
The entropy weaver is engulfed in dark miasma.
The entropy weaver looks more poisoned.
You kill the entropy weaver!
Okawaru is honoured by your kill. Something appears before you!
Okawaru grants you ammunition!
Welcome back to level 14!
The demonic crawler hits you!
* * * LOW HITPOINT WARNING * * *
The demonic crawler misses you. The demonic crawler hits you.
You die...

## ##.## ###
.....##.###### .
........#Z.^##
#....#....#○@s.#
.....#†?...§s☼##
......†.....s.##
.......†...s...#
.........#○s..##
..<...........#
..^..........##
.........<...#
........[...##


You could see a demonic crawler, 2 orb spiders, 2 redbacks and a jumping spider
zombie.

Vanquished Creatures
  Arachne (Spider:2)
  Frances (D:12)
  Donald (Orc)
  Agnes (D:12)
  A ghost moth (Spider:2)
  An orc warlord (Orc)
  Louise (Spider:1)
  A fire giant (D:12)
  An emperor scorpion (Spider:2)
  A minotaur (Gauntlet)
  An entropy weaver (Spider:3)
  A spark wasp (Spider:1)
  A yaktaur captain (D:7)
  A vault guard (D:11)
  An ice dragon (D:11)
  Erolcha (D:10)
  Psyche (D:10)
  A hell beast (Gauntlet)
  5 hydras
  A centaur warrior (D:11)
  A merfolk avatar (Lair:6)
  A catoblepas (D:11)
  A queen ant (Gauntlet)
  A two-headed ogre (D:9)
  Erica (D:9)
  2 alligators (Lair:6)
  The ghost of ioannis32 the Cudgeler, a novice HuFi of Yredelemnul (D:7)
  A soul eater (Gauntlet)
  A death yak (Lair:5)
  Nergalle (Lair:1)
  2 orc high priests (Orc)
  Pikel (D:7)
  A deep elf mage (D:10)
  3 orc knights (Orc)
  2 cyclopes
  2 orb spiders
  A harpy (shapeshifter) (D:11)
  A manticore (D:11)
  An orc sorcerer (Orc)
  A harpy (Lair:6)
  6 elephants (Lair:6)
  4 moths of wrath
  12 wolf spiders
  3 centaur zombies
  3 ugly things
  A guardian serpent (shapeshifter) (D:12)
  6 black mambas
  15 cane toads
  A kobold demonologist (D:8)
  3 demonic crawlers (Spider:3)
  An efreet (D:12)
  8 komodo dragons
  6 rime drakes (Lair:6)
  A spectral redback (Spider:3)
  11 jumping spiders
  6 polar bears
  5 trolls
  13 blink frogs
  12 slime creatures
  2 hornets
  A bog body (Lair:3)
  11 dream sheep (Lair:6)
  8 hippogriffs
  Prince Ribbit (D:8)
  39 redbacks
  A shadow (D:11)
  13 tarantellas
  4 spriggans
  2 wyverns (Lair:6)
  32 yaks
  2 basilisks
  2 hungry ghosts
  3 vampire mosquitoes (D:12)
  Menkaure (D:8)
  9 crocodiles
  3 acid dragons
  2 wargs (Orc)
  A soldier ant (shapeshifter) (D:11)
  9 porcupines
  9 water moccasins
  6 soldier ants
  4 sky beasts
  An ice beast (D:8)
  45 orc warriors
  3 phantoms
  6 black bears
  A boggart (D:9)
  A necrophage (D:4)
  8 ogres
  12 wolves (Lair:1)
  A centaur (D:6)
  10 bullfrogs
  A wyvern zombie (D:9)
  2 gnoll sergeants
  4 scorpions
  6 killer bees (D:9)
  4 wights
  4 howler monkeys
  7 electric eels
  6 crimson imps
  2 bullfrog zombies
  18 jellies
  18 orc priests
  4 bullfrog skeletons
  4 hounds
  4 centaur skeletons
  2 iguanas (D:10)
  Ijyb (D:5)
  15 worker ants
  26 orc wizards
  The ghost of dscm the Shield-Bearer, a weakling KoFi (D:3)
  2 hound zombies
  A hound skeleton (D:4)
  2 worker ant zombies
  12 gnolls
  9 adders
  4 shadow imps
  4 oozes
  4 adder skeletons
  An adder zombie (D:8)
  3 worms
  An adder simulacrum (D:7)
  13 dart slugs
  5 leopard geckos
  92 orcs
  2 ball pythons
  9 giant cockroaches
  4 goblins (D:1)
  8 hobgoblins
  19 jackals
  4 quokkas
  11 bats
  5 frilled lizards
  7 kobolds
  7 rats
  2 fungi (D:8)
  2 plants (Lair:6)
782 creatures vanquished.

Vanquished Creatures (others)
  A slave (D:7)
  An orc (Orc)
  15 fungi
  32 plants
  4 toadstools (D:9)
53 creatures vanquished.

Grand Total: 835 creatures vanquished

Notes
Turn   | Place    | Note
-------+----------+-------------------------------------------
     0 | D:1      | galech the Demonspawn Fighter began the quest for the Orb.
     0 | D:1      | Reached XP level 1. HP: 18/18 MP: 1/1
   214 | D:1      | Gained mutation: You have sharp toenails. [demonic
                  | ancestry]
   214 | D:1      | Reached XP level 2. HP: 24/24 MP: 2/2
   434 | D:1      | Gained mutation: You regenerate a little health from kills.
                  | [demonic ancestry]
   434 | D:1      | Reached XP level 3. HP: 29/29 MP: 3/3
   442 | D:1      | Reached skill level 2 in Axes
   935 | D:2      | Gained mutation: You are immune to rotting. [demonic
                  | ancestry]
   935 | D:2      | Reached XP level 4. HP: 9/35 MP: 4/4
  1307 | D:2      | Found a shadowy altar of Dithmenos.
  1382 | D:2      | Reached skill level 3 in Axes
  1463 | D:3      | Found a snail-covered altar of Cheibriados.
  1466 | D:3      | Found a runed translucent gate.
  1466 | D:3      | Found a runed translucent gate.
  1466 | D:3      | Found a runed translucent gate.
  1528 | D:3      | Noticed dscm's ghost (weakling KoFi)
  1566 | D:3      | Reached XP level 5. HP: 19/41 MP: 5/5
  1841 | D:3      | Found a sacrificial altar of Ru.
  2321 | D:3      | Reached skill level 4 in Axes
  2321 | D:3      | Reached skill level 1 in Dodging
  2386 | D:3      | Gained mutation: You may emit foul miasma when damaged in
                  | melee. [demonic ancestry]
  2386 | D:3      | Reached XP level 6. HP: 40/47 MP: 6/6
  2639 | D:4      | Noticed a sky beast
  2641 | D:5      | Entered Level 5 of the Dungeon
  2743 | D:5      | Found a stormy altar of Qazlal.
  2896 | D:5      | Noticed a water moccasin
  2938 | D:5      | Killed a water moccasin
  3045 | D:5      | Reached XP level 7. HP: 28/52 MP: 7/7
  3148 | D:5      | Found Sopt's Gadget Shoppe.
  3152 | D:5      | Noticed Ijyb
  3166 | D:5      | Killed Ijyb
  3314 | D:5      | Found Koxkuesch's Food Shop.
  3383 | D:5      | Found Dotifom's Distillery.
  3397 | D:5      | Bought 2 potions of heal wounds for 120 gold pieces
  3397 | D:5      | Bought a potion of curing for 30 gold pieces
  3397 | D:5      | Bought a potion of heal wounds for 60 gold pieces
  3428 | D:5      | Reached skill level 5 in Axes
  3713 | D:4      | Reached skill level 5 in Shields
  3744 | D:4      | Reached XP level 8. HP: 53/60 MP: 8/8
  3941 | D:4      | Reached skill level 6 in Axes
  4247 | D:4      | Got a masterwork hunting sling
  4250 | D:4      | Identified the +8 hunting sling "Lekeshren" {speed, rElec
                  | rPois Int+4} (You found it on level 4 of the Dungeon)
  4418 | D:4      | Found an ancient bone altar of Kikubaaqudgha.
  4418 | D:4      | Found a blossoming altar of Fedhas.
  4972 | D:6      | Reached skill level 5 in Armour
  5063 | D:6      | Reached skill level 1 in Slings
  5078 | D:6      | Reached skill level 7 in Axes
  5087 | D:6      | Gained mutation: You are partially covered in icy blue
                  | scales. (AC +2) [demonic ancestry]
  5087 | D:6      | Reached XP level 9. HP: 27/66 MP: 9/9
  5934 | D:7      | Reached skill level 5 in Fighting
  6125 | D:7      | Reached skill level 8 in Axes
  6167 | D:7      | Noticed a troll
  6178 | D:7      | Killed a troll
  6544 | D:7      | Noticed Pikel
  6575 | D:7      | Killed Pikel
  6702 | D:7      | Noticed a yaktaur captain
  6713 | D:7      | Killed a yaktaur captain
  6713 | D:7      | Gained mutation: You frequently emit foul miasma when
                  | damaged in melee. [demonic ancestry]
  6713 | D:7      | Reached XP level 10. HP: 71/76 MP: 10/10
  6907 | D:7      | Identified the ring of Joihucew {Ice *Slow MR- Int+6
                  | Stlth+}
  7040 | D:7      | Found a large runed translucent door.
  7040 | D:7      | Found a large runed translucent door.
  7040 | D:7      | Noticed ioannis32's ghost (novice HuFi)
  7067 | D:7      | Found a hide-covered altar of Uskayaw.
  7072 | D:7      | Found a shimmering altar of Xom.
  7153 | D:7      | Found a staircase to the Ecumenical Temple.
  7180 | Temple   | Entered the Ecumenical Temple
  7192 | Temple   | Became a worshipper of Warmaster Okawaru
  7537 | D:7      | Noticed an angel
  7538 | D:7      | Found a glowing silver altar of Zin.
  7693 | D:8      | Noticed Prince Ribbit
  7703 | D:8      | Reached skill level 9 in Axes
  7716 | D:8      | Found a staircase to the Lair.
  7814 | D:8      | Noticed Menkaure
  7877 | D:8      | Reached * piety under Okawaru
  8102 | D:8      | Killed Prince Ribbit
  8116 | D:8      | Noticed a sun demon
  8183 | D:8      | Killed Menkaure
  8278 | D:8      | Reached ** piety under Okawaru
  8455 | D:8      | Found Yplezxyach's General Store.
  8474 | D:8      | Bought a scroll of identify for 32 gold pieces
  8474 | D:8      | Bought a scroll of identify for 32 gold pieces
  8474 | D:8      | Bought a scroll of blinking for 120 gold pieces
  8572 | D:5      | Bought a potion of heal wounds for 60 gold pieces
  8572 | D:5      | Bought a potion of curing for 30 gold pieces
  8572 | D:5      | Bought a potion of curing for 30 gold pieces
  8706 | D:8      | Found a staircase to the Orcish Mines.
  8974 | D:9      | Reached skill level 5 in Slings
  9038 | D:9      | Gained mutation: You have razor-sharp toenails. [demonic
                  | ancestry]
  9038 | D:9      | Reached XP level 11. HP: 83/83 MP: 11/11
  9113 | D:9      | Noticed a tengu warrior
  9218 | D:9      | Noticed Erica
  9230 | D:9      | Killed Erica
  9230 | D:9      | Reached *** piety under Okawaru
  9259 | D:9      | Noticed a two-headed ogre
  9271 | D:9      | Killed a two-headed ogre
  9313 | D:9      | Got a fading leather armour
  9324 | D:9      | Identified the cursed +0 leather armour "Afokan" {Int+2
                  | Dex+3} (You found it on level 9 of the Dungeon)
  9402 | D:9      | Received a gift from Okawaru
  9676 | D:9      | Got a twisted quarterstaff
  9797 | D:10     | Entered Level 10 of the Dungeon
  9816 | D:10     | Noticed a purple ugly thing
  9917 | Lair:1   | Entered Level 1 of the Lair of Beasts
  9958 | Lair:1   | Noticed Nergalle
  9999 | Lair:1   | Killed Nergalle
  9999 | Lair:1   | Reached skill level 1 in Stealth
 10045 | Lair:1   | Reached skill level 1 in Invocations
 10100 | Lair:1   | Received a gift from Okawaru
 10257 | Lair:1   | Received a gift from Okawaru
 11135 | Lair:2   | Noticed a five-headed hydra
 11142 | Lair:2   | Reached **** piety under Okawaru
 11154 | Lair:2   | Killed a one-headed hydra
 11168 | Lair:2   | Reached XP level 12. HP: 41/92 MP: 3/12
 11475 | Lair:2   | Reached skill level 10 in Axes
 11906 | Lair:3   | Reached ***** piety under Okawaru
 11938 | Lair:3   | Found a hole to the Spider Nest.
 11976 | Lair:3   | Noticed a six-headed hydra
 11986 | Lair:3   | Killed a six-headed hydra
 12002 | Lair:3   | Noticed a five-headed hydra
 12013 | Lair:3   | Killed a five-headed hydra
 12013 | Lair:3   | Received a gift from Okawaru
 12086 | Lair:3   | Reached skill level 10 in Slings
 12422 | Lair:3   | Found a staircase to the Swamp.
 13127 | Lair:4   | Received a gift from Okawaru
 14106 | Lair:5   | Received a gift from Okawaru
 14116 | Lair:5   | Got a crude hand axe {god gift}
 14117 | Lair:5   | Identified the +5 hand axe of the Poles {speed, +Fly}
                  | (Okawaru gifted it to you on level 5 of the Lair of Beasts)
 14149 | Lair:5   | Gained mutation: You regenerate health from kills. [demonic
                  | ancestry]
 14149 | Lair:5   | Reached XP level 13. HP: 92/101 MP: 12/14
 14299 | Lair:5   | Found a staircase to the Slime Pits.
 14299 | Lair:5   | Found a viscous altar of Jiyva.
 14630 | Lair:5   | Reached skill level 5 in Dodging
 14649 | Lair:6   | Entered Level 6 of the Lair of Beasts
 14653 | Lair:6   | Reached skill level 10 in Fighting
 15113 | Lair:6   | Reached ****** piety under Okawaru
 15127 | Lair:6   | Received a gift from Okawaru
 15349 | Lair:6   | Received a gift from Okawaru
 16171 | Lair:6   | Received a gift from Okawaru
 16537 | D:10     | Noticed Psyche
 16548 | D:10     | Killed Psyche
 16585 | D:10     | Reached XP level 14. HP: 112/113 MP: 15/15
 16642 | D:10     | Noticed Erolcha
 16651 | D:10     | Killed Erolcha
 16661 | D:10     | Reached skill level 11 in Axes
 16671 | D:10     | Received a gift from Okawaru
 16674 | D:10     | Got an encrusted chain mail {god gift}
 16685 | D:10     | Identified the +4 chain mail of Entitlement {Str+2}
                  | (Okawaru gifted it to you on level 10 of the Dungeon)
 16852 | D:10     | Got a crude whip
 16856 | D:10     | Identified the +6 whip "Pury" {elec, Dex+4} (You found it
                  | on level 10 of the Dungeon)
 17483 | D:11     | Found a shattered altar of Ashenzari.
 18254 | D:11     | Found a gate to the Vaults.
 18588 | D:12     | Entered Level 12 of the Dungeon
 18633 | D:12     | Noticed Agnes
 18675 | D:12     | Killed Agnes
 18750 | D:12     | Noticed a fire giant
 18795 | D:12     | Found a gate leading to a gauntlet.
 18811 | Gauntlet | Entered a Gauntlet
 18811 | Gauntlet | Found a transporter.
 18822 | Gauntlet | Found a transporter.
 18837 | Gauntlet | Found a transporter.
 18843 | Gauntlet | Found a transporter.
 18858 | Gauntlet | Found a transporter.
 18877 | Gauntlet | Found a transporter.
 18889 | Gauntlet | Found a transporter.
 18901 | Gauntlet | Found a transporter.
 18903 | Gauntlet | Found the +2 cloak of the Thief {+Fog +Inv Slay-2 SInv
                  | Stlth+}
 18913 | Gauntlet | Found a transporter.
 18925 | Gauntlet | Found a transporter.
 18942 | Gauntlet | Found a transporter.
 18959 | Gauntlet | Found a transporter.
 18961 | Gauntlet | Found a transporter.
 18986 | Gauntlet | Found a transporter.
 18988 | Gauntlet | Found a transporter.
 18990 | Gauntlet | Found a transporter.
 19012 | Gauntlet | Found a transporter.
 19014 | Gauntlet | Found a transporter.
 19591 | Gauntlet | Got a pitted lead ring
 19600 | Gauntlet | Identified the ring of Dishonour {rF+ Str+4 Int-3 Dex+4}
                  | (You found it in a Gauntlet)
 19654 | Gauntlet | Found the +8 salamander hide armour {+Fog rF++ rC-}
 19787 | D:12     | Reached skill level 12 in Axes
 19792 | D:12     | Noticed Frances
 19804 | D:12     | Killed Frances
 20162 | D:12     | Found a staircase to the Depths.
 20183 | D:12     | Killed a fire giant
 20183 | D:12     | Received a gift from Okawaru
 20428 | D:12     | Found a roughly hewn altar of Beogh.
 21452 | Orc      | Entered the Orcish Mines
 21474 | Orc      | Found Omnir's Magic Scroll Boutique.
 21493 | Orc      | Found Zoafuef's Distillery.
 21524 | Orc      | Bought a potion of curing for 37 gold pieces
 21524 | Orc      | Bought 3 potions of curing for 112 gold pieces
 21524 | Orc      | Bought a potion of heal wounds for 75 gold pieces
 21524 | Orc      | Bought a potion of curing for 37 gold pieces
 21524 | Orc      | Bought a potion of curing for 37 gold pieces
 21533 | Orc      | Bought a scroll of enchant armour for 97 gold pieces
 21533 | Orc      | Bought a scroll of teleportation for 39 gold pieces
 21533 | Orc      | Bought a scroll of identify for 26 gold pieces
 21533 | Orc      | Bought a scroll of enchant armour for 97 gold pieces
 21533 | Orc      | Bought a scroll of identify for 26 gold pieces
 21533 | Orc      | Bought a scroll of identify for 26 gold pieces
 21803 | Orc      | Found a roughly hewn altar of Beogh.
 21903 | Orc      | Noticed Donald
 21916 | Orc      | Killed Donald
 21916 | Orc      | Received a gift from Okawaru
 21964 | Orc      | Found a staircase to the Elven Halls.
 21999 | Orc      | Found a roughly hewn altar of Beogh.
 22000 | Orc      | Found Quduph's Gadget Emporium.
 22006 | Orc      | Gained mutation: You have claws for feet. [demonic
                  | ancestry]
 22006 | Orc      | Reached XP level 15. HP: 113/121 MP: 15/17
 22009 | Orc      | Reached skill level 13 in Axes
 22067 | Orc      | Found a roughly hewn altar of Beogh.
 22068 | Orc      | Found Ykorifoq's Weapon Shoppe.
 22273 | Orc      | Found Mabloz's Assorted Antiques.
 22297 | Orc      | Found a runed door.
 22337 | Orc      | Found Mongeb's Book Emporium.
 22564 | Orc      | Noticed an orc warlord
 22571 | Orc      | Received a gift from Okawaru
 22585 | Orc      | Killed an orc warlord
 22600 | Orc      | Found a roughly hewn altar of Beogh.
 22600 | Orc      | Found Runom's Antique Armour Shop.
 22601 | Orc      | Found Ehuacw's Antique Weapon Boutique.
 22745 | Orc      | Found a roughly hewn altar of Beogh.
 22772 | Orc      | Found a roughly hewn altar of Beogh.
 22862 | Orc      | Found a roughly hewn altar of Beogh.
 23107 | D:3      | Killed dscm's ghost
 23240 | D:7      | Killed ioannis32's ghost
 23240 | D:7      | Received a gift from Okawaru
 23384 | Spider:1 | Entered Level 1 of the Spider Nest
 23508 | Spider:1 | Noticed Louise
 23528 | Spider:1 | Killed Louise
 23720 | Spider:1 | Reached skill level 14 in Axes
 24287 | Spider:2 | Received a gift from Okawaru
 24811 | Spider:3 | Entered Level 3 of the Spider Nest
 24843 | Spider:2 | Noticed a ghost moth
 25116 | Spider:2 | Killed a ghost moth
 25255 | Spider:3 | Received a gift from Okawaru
 25271 | Spider:3 | Reached skill level 10 in Shields
 25273 | Spider:3 | Noticed a ghost moth
 25279 | Spider:3 | Noticed Roxanne
 25294 | Spider:3 | HP: 5/124 [entropy weaver (12)]
 25295 | Spider:3 | Mangled by a jumping spider
 25296 | Spider:3 | Reached XP level 14. HP: -8/118 MP: 0/17
 25324 | Spider:3 | Noticed Arachne
 25339 | Spider:2 | Slain by Arachne
 25340 | Spider:2 | Reached XP level 13. HP: -3/111 MP: 0/16
 25358 | Spider:2 | Killed Arachne
 25403 | Spider:3 | Killed an entropy weaver
 25403 | Spider:3 | Received a gift from Okawaru
 25403 | Spider:3 | Reached XP level 14. HP: 9/118 MP: 1/17
 25403 | Spider:3 | HP: 2/118 [demonic crawler (7)]
 25403 | Spider:3 | Slain by a demonic crawler

Skill      XL: |  1  2  3  4  5  6  7  8  9 10 11 12 13 14 15 |
---------------+----------------------------------------------+-----
Armour         | 3 4 5 6 7 8 |  8.0
Shields        | 3 4 5 6 7 8 9 10 | 10.3
Axes           | 2 3 4 5 7 8 9 10 12 14 | 14.6
Dodging        | 1 2 4 7 6 |  7.0
Fighting       | 4 6 7 9 11 12 13 | 13.3
Slings         | 1 4 5 8 11 12 13 | 13.0
Stealth        | 1 2 |  2.4
Invocations    | 1 2 4 |  4.1
Evocations     | |  0.3

Action                   |  1- 3 |  4- 6 |  7- 9 | 10-12 | 13-15 || total
-------------------------+-------+-------+-------+-------+-------++-------
Melee: War axe           |    98 |   234 |   356 |   169 |       ||   857
       Kick              |    15 |    57 |   115 |    51 |   207 ||   445
       Scimitar          |       |       |       |     5 |     3 ||     8
       Hand axe          |       |       |       |    16 |    43 ||    59
       Broad axe         |       |       |       |       |   661 ||   661
 Fire: Hunting sling     |       |       |    49 |   873 |   792 ||  1714
Invok: Heroism           |       |       |       |     6 |    26 ||    32
       Finesse           |       |       |       |       |     6 ||     6
 Abil: Evoke Fog         |       |       |       |       |     1 ||     1
  Use: Potion            |       |     1 |     2 |     6 |    17 ||    26
       Scroll            |       |       |     2 |    13 |    22 ||    37
 Stab: Sleeping          |       |       |       |     1 |     2 ||     3
       Distracted        |       |       |       |       |     1 ||     1
  Eat: Chunk             |     4 |    16 |    27 |    41 |    52 ||   140
       Ration            |       |       |     2 |     1 |     4 ||     7
Armor: Scale mail        |    36 |       |       |       |       ||    36
       Chain mail        |    13 |   205 |   272 |       |    76 ||   566
       Troll leather arm |       |       |    30 |    95 |    53 ||   178
       Leather armour    |       |       |       |       |   171 ||   171
Dodge: Dodged            |    13 |    44 |    64 |   172 |   427 ||   720
Block: Medium shield     |    56 |   165 |   220 |   209 |   632 ||  1282
       Reflection        |       |       |       |       |     3 ||     3
